 Dungeon Crawl Stone Soup version 0.30-a0-989-g0d87f670db (webtiles) character file.

Game seed: 3160790614385986489

2137 BlueFish the Sneak (level 9, -5/57 HPs)
             Began as an Octopode Transmuter on Apr 2, 2023.
             Slain by an orc warrior
             ... wielding a +0 dire flail
              (13 damage)
             ... on level 7 of the Dungeon.
             The game lasted 00:15:28 (6342 turns).

BlueFish the Sneak (Octopode Transmuter)            Turns: 6342, Time: 00:15:29

Health: -5/57      AC:  2    Str: 17    XL:     9   Next: 30%
Magic:  9/14       EV: 24    Int: 15    God:
Gold:   327        SH:  0    Dex: 29    Spells: 5/15 levels left

rFire   + . .      SeeInvis .      - Unarmed
rCold   . . .      Faith    .    (shield currently unavailable)
rNeg    . . .      Spirit   .    (helmet currently unavailable)
rPois   .          Reflect  .    (no amulet)
rElec   .          Rampage  .    q - ring of the Sunfish {Str+3 Dex+6}
rCorr   .                        l - ring of protection from fire
Will    .....                    r - ring of poison resistance
Stlth   ++++                     f - +6 ring of dexterity
HPRegen 0.29/turn                (no ring)
MPRegen 0.14/turn                (no ring)
                                 (no ring)
                                 (no ring)

@: spider-form (expiring), wereblooded
A: venomous fangs, almost no armour, (amphibious), 8 rings, tiny, (camouflage
1), (gelatinous body 1), (nimble swimmer 1), (tentacles)
a: End Transformation


You were on level 7 of the Dungeon.
You were a venomous arachnid creature.
You visited 1 branch of the dungeon, and saw 7 of its levels.

You collected 327 gold pieces.

Inventory:

Missiles
 d - 7 javelins
 j - 71 stones (quivered)
 m - 4 boomerangs
 y - 5 poisoned darts
Armour
 n - a +0 buckler
Jewellery
 f - a +6 ring of dexterity (on tentacle)
 l - a ring of protection from fire (right front pincers)
 q - the ring of the Sunfish (left front pincers) {Str+3 Dex+6}
   (You found it on level 2 of the Dungeon)

   [ring of dexterity]

   Str:       It affects your strength (+3).
   Dex:       It affects your dexterity (+6).
 r - a ring of poison resistance (on tentacle)
Wands
 v - a wand of acid (10)
Scrolls
 c - a scroll of poison
 h - a scroll of immolation {unknown}
 i - a scroll of fog
 o - a scroll of teleportation
 p - a scroll of vulnerability
 s - 2 scrolls of fear
 A - a scroll of identify
Potions
 a - a potion of lignification
 e - 2 potions of berserk rage
 g - 3 potions of curing
 k - a potion of attraction
 t - a potion of cancellation
 u - a potion of magic
 w - a potion of ambrosia
 x - a potion of might {unknown}
 z - a potion of degeneration {unknown}


   Skills:
 + Level 3.5 Fighting
 + Level 3.1 Throwing
 + Level 4.3 Dodging
 * Level 7.0 Stealth
 + Level 3.1 Shields
 + Level 4.6 Unarmed Combat
 + Level 3.7 Spellcasting
 + Level 3.9 Transmutations
 * Level 3.1 Ice Magic
 + Level 4.7 Poison Magic


You had 5 spell levels left.
You knew the following spells:

 Your Spells              Type           Power      Damage    Failure   Level
a - Beastly Appendage     Tmut           28%        N/A       12%         1
b - Wereblood             Tmut           14%        N/A       16%         2
c - Spider Form           Tmut/Pois      15%        N/A       24%         3
d - Ice Form              Ice/Tmut       13%        N/A       63%         4

Your spell library contained the following spells:

 Spells                   Type           Power      Damage    Failure   Level
 Sting                    Tmut/Pois      60%        1d6       11%         1
 Passwall                 Tmut/Erth      6%         N/A       30%         2
 Ensorcelled Hibernation  Hex/Ice        14%        N/A       34%         2
 Sandblast                Erth           4%         2d4       38%         1
 Sublimation of Blood     Necr           2%         N/A       50%         2
 Mephitic Cloud           Conj/Pois/Air  7%         N/A       50%         3
 Dazzling Flash           Conj/Hex       4%         N/A       71%         3
 Stone Arrow              Conj/Erth      4%         3d7       71%         3
 Swiftness                Air            2%         N/A       71%         3
 Iskenderun's Mystic Bla  Conj/Tloc      2%         2d3       96%         4
 Manifold Assault         Tloc           2%         N/A       96%         4
 Summon Forest            Summ/Tloc      1%         N/A       100%        5
 Starburst                Conj/Fire      1%         6d3       100%        6
 Summon Hydra             Summ           1%         N/A       100%        7


Dungeon Overview and Level Annotations

Branches:
Dungeon (7/15)             Temple (0/1) D:6

Altars:
Elyvilon
Okawaru
Xom
The Shining One

Shops:
D:5 *


Innate Abilities, Weirdness & Mutations

You are a venomous arachnid creature.
You have venomous fangs.
You are tiny and dextrous.
Your spellcasting is less reliable in this form.
Your armour is entirely melded.
You are incapable of wielding weapons or throwing items.
You cannot wear most types of armour.
((You are amphibious.))
You can wear up to eight rings at the same time.
((Your skin changes colour to match your surroundings (Stealth+).))
((Your rubbery body absorbs attacks. (AC +1, EV +1)))
((You are camouflaged when in or above water. (Stealth+)))
((You have tentacles for arms and can constrict up to eight enemies at once.))


Message History

* * * LOW HITPOINT WARNING * * *
The centaur hits you but does no damage.
The centaur completely misses you.
Your magical contamination has completely faded away.
You hit the centaur.
The centaur is severely wounded.
The centaur hits you.
* * * LOW HITPOINT WARNING * * *
The centaur kicks you.
* * * LOW HITPOINT WARNING * * *
You feel better.
You feel a bit better.
You kill the centaur!
The orc warrior shoots a bolt.
The bolt completely misses you.
Your Stealth skill increases to level 7!
The orc warrior unwields a +0 arbalest.
The orc warrior wields a +0 dire flail.
The orc warrior completely misses you.
Things that are here:
a +0 shortbow; an iguana corpse You hit the orc warrior but do no damage.
The orc warrior is lightly wounded.
The orc warrior completely misses you.
You barely miss the orc warrior.
The orc warrior is lightly wounded.
The orc warrior closely misses you.
You hit the orc warrior.
The orc warrior is poisoned.
The orc warrior is moderately wounded.
Your transformation is almost over.
You hit the orc warrior but do no damage.
The orc warrior looks as sick as possible!
The orc warrior is moderately wounded.
The orc warrior completely misses you.
You barely miss the orc warrior.
The orc warrior is heavily wounded.
The orc warrior hits you with a +0 dire flail!
* * * LOW HITPOINT WARNING * * *
You hit the orc warrior.
The orc warrior looks as sick as possible!
The orc warrior is severely wounded.
The orc warrior hits you with a +0 dire flail!
You die...

....... ..... ..... ...
... . #.. #.# .. ##..#
#.# .# .... ##...# #†#
.... .... #.$..#
#s##..#.. ....
#######..#.####o=......
#...
#...........#.......###
...
#..!.........)...#..#
#..
#..$...............##
####
#.........†...(.......
#...
#.....................
....
#...?..#.)..[.........
....
#......##.............
....


You could see an orc warrior (extremely poisoned).

Vanquished Creatures
  A steam dragon (D:6)
  A water moccasin (D:7)
  A sky beast (D:6)
  3 ice beasts
  An ogre (D:4)
  2 centaurs
  A phantom (D:6)
  A bullfrog (D:7)
  3 scorpions
  3 howler monkeys (D:7)
  3 orc priests (D:7)
  2 sleepcaps
  3 hounds
  2 jellies
  Ijyb (D:3)
  6 iguanas
  3 orc wizards
  4 gnolls
  12 adders
  A shadow imp (D:6)
  An ufetubus (D:5)
  5 worms
  3 dart slugs
  25 orcs
  A bat (D:2)
  6 endoplasms
  5 giant cockroaches
  6 goblins
  11 hobgoblins
  2 quokkas
  12 ball pythons
  3 frilled lizards
  8 kobolds
  4 rats
146 creatures vanquished.

Vanquished Creatures (others)
  An orc priest (D:7)
1 creature vanquished.

Grand Total: 147 creatures vanquished

Notes
Turn   | Place    | Note
-------+----------+-------------------------------------------
     0 | D:1      | BlueFish the Octopode Transmuter began the quest for the
                  | Orb.
     0 | D:1      | Reached XP level 1. HP: 13/13 MP: 3/3
   183 | D:1      | Reached skill level 1 in Stealth
   225 | D:1      | Reached XP level 2. HP: 18/18 MP: 5/5
   228 | D:1      | Learned a level 2 spell: Wereblood
   557 | D:2      | Reached skill level 2 in Stealth
   557 | D:2      | Reached XP level 3. HP: 22/23 MP: 4/6
   561 | D:2      | Learned a level 3 spell: Spider Form
   573 | D:2      | You fall into a shaft and drop 1 floor!
   704 | D:3      | Found an iron altar of Okawaru.
   791 | D:3      | Found a faded altar of an unknown god.
   802 | D:3      | Got Plato's Papyrus of Configuration
  1154 | D:2      | Reached XP level 4. HP: 28/28 MP: 7/7
  1173 | D:2      | Identified the ring of the Sunfish {Str+3 Dex+6}
  1594 | D:3      | Reached skill level 1 in Poison Magic
  1614 | D:3      | Noticed Ijyb
  1770 | D:3      | Killed Ijyb
  1939 | D:3      | Reached XP level 5. HP: 25/34 MP: 4/8
  1949 | D:3      | Reached skill level 3 in Stealth
  2154 | D:4      | Found a white marble altar of Elyvilon.
  2256 | D:3      | Reached skill level 1 in Throwing
  2427 | D:4      | Noticed an ogre
  2582 | D:4      | Killed an ogre
  2583 | D:4      | Reached skill level 1 in Shields
  2583 | D:4      | Reached XP level 6. HP: 38/39 MP: 9/9
  2705 | D:4      | Reached skill level 4 in Stealth
  2830 | D:4      | Reached XP level 7. HP: 31/45 MP: 9/11
  3364 | D:5      | Entered Level 5 of the Dungeon
  3386 | D:5      | Found Feutait's CLEARANCE SALE!.
  3582 | D:5      | Got Sif Muna's Omnibus of the Airy Excursion
  4484 | D:6      | Reached skill level 5 in Stealth
  4490 | D:6      | Learned a level 4 spell: Ice Form
  4625 | D:6      | Reached XP level 8. HP: 51/51 MP: 9/12
  4705 | D:6      | Found a glowing golden altar of the Shining One.
  4820 | D:6      | Found a shimmering altar of Xom.
  4837 | D:6      | Found a staircase to the Ecumenical Temple.
  5355 | D:6      | Reached skill level 1 in Ice Magic
  5771 | D:6      | Reached skill level 6 in Stealth
  6170 | D:7      | Reached XP level 9. HP: 15/57 MP: 11/14
  6336 | D:7      | Reached skill level 7 in Stealth
  6342 | D:7      | Slain by an orc warrior

Illustrated notes

Levels and vault maps discovered:
D:1:      roderic_crossed_star, layout_basic, kennysheep_decorative_pillar
D:2:      layout_rooms, minmay_misc_feat_plants
D:3:      layout_basic, mainiacjoe_overflow_24_doors,
          shapermc_ecumenical_altar_rom_forum, minivault_19,
          corexii_hall_statues_x, minmay_joined_circles, uniq_ijyb
D:4:      layout_loops_ring, mainiacjoe_overflow_brackets,
          kennysheep_cross_bottleneck, kennysheep_windowed_goal
D:5:      layout_loops_ring, nicolae_shop_clearance
D:6:      minmay_chambers_of_threes, layout_basic,
          nicolae_overflow_crystal_walls, nicolae_tso_carved_into_rock,
          minmay_temple_entry_junction
D:7:      layout_rooms

Skill      XL: |  1  2  3  4  5  6  7  8  9 |
---------------+----------------------------+-----
Stealth        | 1 2 3 4 5 6 7 |  7.0
Poison Magic   | 1 2 3 4 |  4.7
Throwing       | 1 2 3 |  3.1
Fighting       | 2 3 |  3.5
Shields        | 1 2 3 |  3.1
Dodging        | 3 4 |  4.3
Transmutations | 3 |  3.9
Unarmed Combat | 4 |  4.6
Spellcasting   | 3 |  3.7
Ice Magic      | 2 3 |  3.1

Action                     |  1- 3 |  4- 6 |  7- 9 || total
---------------------------+-------+-------+-------++-------
  Melee: Unarmed           |    72 |   104 |   226 ||   402
         Constrict         |    18 |    27 |    24 ||    69
         Tentacles         |    15 |    20 |    27 ||    62
         Punch             |     3 |     1 |     4 ||     8
         Kick              |     7 |    24 |    13 ||    44
  Throw: Stone             |       |     6 |     1 ||     7
         Boomerang         |       |     6 |       ||     6
   Cast: Beastly Appendage |     7 |    12 |    12 ||    31
         Spider Form       |       |     4 |    20 ||    24
         Wereblood         |       |     2 |     2 ||     4
    Use: Scroll            |       |       |    12 ||    12
         Potion            |       |       |     4 ||     4
   Stab: Sleeping          |     5 |    10 |    11 ||    26
         Distracted        |       |       |     1 ||     1
 Armour: Skin              |     3 |     4 |     7 ||    14
  Dodge: Dodged            |    46 |    70 |   215 ||   331

Table legend: (Time is in decaauts)
 A = Elapsed time spent in this place.
 B = Non-inter-level travel time spent in this place.
 C = Inter-level travel time spent in this place.
 D = Time resting spent in this place.
 E = Time spent auto-exploring this place.
 F = Levels seen in this place.
 G = Mean time per level.
                   A        B        C        D        E       F      G
               +--------+--------+--------+--------+--------+-----+--------+
         Total |   6317 |   6066 |    251 |    203 |   4423 |   7 |  902.4 |
       Dungeon |   6317 |   6066 |    251 |    203 |   4423 |   7 |  902.4 |
               +--------+--------+--------+--------+--------+-----+--------+

Top non-repeatable levels by time:
     D:6: 1754 daAuts
     D:4: 1248 daAuts
     D:3: 1108 daAuts
     D:5: 1024 daAuts
     D:1: 514 daAuts
     D:2: 481 daAuts
     D:7: 185 daAuts
